 Dungeon Crawl Stone Soup version 0.32-a0-131-g9dbbe29261 (webtiles) character file.

Game seed: 8759237073925620365

12 Ambrosia the Trooper (level 2, -2/19 HPs)
             Began as a Kobold Fighter on Feb 8, 2024.
             Succumbed to their own poison gas
             ... on level 1 of the Dungeon.
             The game lasted 00:01:09 (491 turns).

Ambrosia the Trooper (Kobold Fighter)                Turns: 491, Time: 00:01:10

Health: -2/19      AC:  6    Str: 13    XL:     2   Next: 45%
Magic:  2/2        EV: 10    Int:  9    God:
Gold:   24         SH:  4    Dex: 14    Spells: 1/1 levels left

rFire   . . .        a - +0 rapier
rCold   . . .        c - +0 buckler
rNeg    . . .        b - +0 scale mail
rPois   .            (no helmet)
rElec   .            (no cloak)
rCorr   .            (no gloves)
SInv    .            (no boots)
Will    .....        (no amulet)
Stlth   +            (no ring)
HPRegen 0.23/turn    (no ring)
MPRegen 0.08/turn

%: no passive effects
@: lethally poisoned (-2 -> -16)
A: small, no large weapons, nightstalker 3
a: no special abilities


You were on level 1 of the Dungeon.
You visited 1 branch of the dungeon, and saw 1 of its levels.

You collected 24 gold pieces.

Inventory:

Hand Weapons
 a - a +0 rapier (weapon)
Armour
 b - a +0 scale mail (worn)
 c - a +0 buckler (worn)
Scrolls
 f - a scroll of noise {unknown}
 g - a scroll of identify {@r1}
 h - a scroll of amnesia {unknown}
Potions
 d - a potion of might


   Skills:
 + Level 3.4 Fighting
 + Level 2.9 Short Blades
 * Level 2.6 Armour
 + Level 0.3 Dodging
 * Level 2.6 Shields


You had one spell level left.
You didn't know any spells.
Your spell library contained the following spells:

 Spells                   Type           Power      Damage    Failure   Level
 Chain Lightning          Conj/Air       0%         N/A       100%        9
 Fire Storm               Conj/Fire      0%         5d1       100%        9
 Shatter                  Erth           0%         3d5*      100%        9


Dungeon Overview and Level Annotations

Branches:
Dungeon (1/15) Zot: 5506

Altars:


Innate Abilities, Weirdness & Mutations

You are small and have problems with some larger weapons.
You are completely attuned to the shadows.


Message History

Found a stone staircase leading down.
No target in view!
You now have 24 gold pieces (gained 7).
e - a scroll labelled OHAPEX QITY No target in view!
No target in view!
No target in view!
An endoplasm comes into view.
An endoplasm comes into view.
The endoplasm quivers.
There are monsters nearby!
The endoplasm barely misses you.
You hit the endoplasm.
You kill the endoplasm!
The endoplasm quivers.
The endoplasm barely misses you.
You hit the endoplasm but do no damage. The endoplasm hits you.
You take 3 damage, and have 16/19 hp.
You hit the endoplasm but do no damage.
The endoplasm hits you but does no damage.
You hit the endoplasm.
You kill the endoplasm!
No target in view!
As you read the scroll labelled OHAPEX QITY, it crumbles to dust.
It is a scroll of identify.
You don't currently have any unidentified items.
No target in view!
You see here a +0 leather armour.
e - a scroll labelled OROHEH ORUV Health restored: 19 No target in view!
A rat comes into view.
A rat is nearby!
The rat squeaks loudly.
The rat bites you but does no damage.
You barely miss the rat. The rat bites you.
You take 1 damage, and have 18/19 hp.
You puncture the rat!
You kill the rat!
Health restored: 19 No target in view!
No target in view!
No target in view!
You see here a rat corpse.
f - a scroll labelled WAPUKHA EBITERCH No target in view!
You open the door.
You see here a +0 leather armour.
g - a scroll of identify {@r1} No target in view!
h - a scroll labelled SADUNLURUA No target in view!
No target in view!
You see here a beast talisman.
You see here a +0 dagger.
A giant cockroach comes into view.
You hit the giant cockroach. The giant cockroach barely misses you.
You block the giant cockroach's attack.
You barely miss the giant cockroach.
The giant cockroach bites you but does no damage.
You hit the giant cockroach but do no damage.
The giant cockroach bites you but does no damage.
You hit the giant cockroach. The giant cockroach closely misses you.
You hit the giant cockroach.
You kill the giant cockroach!
A goblin comes into view. It is wielding a +0 dagger.
The goblin hits you but does no damage.
You hit the goblin.
You kill the goblin!
i - a scroll labelled SADIRA WYAFEA No target in view!
No target in view!
No target in view!
No target in view!
You see here 7 stones.
You see here 7 stones.
A giant cockroach comes into view.
The air fills with toxic fumes!
As you read the scroll labelled OROHEH ORUV, it crumbles to dust.
It was a scroll of poison.
Blink to where?
Press: ? - help, Dir - move target, f - you Are you sure you want to cancel this blink?
Blink to where?
Press: ? - help, Dir - move target Really blink into that cloud of poison gas?
As you read the scroll labelled SADIRA WYAFEA, it crumbles to dust.
It was a scroll of blinking.
You are engulfed in poison gas.
You are lethally poisoned!
You feel very sick.
You take 13 damage, and have 6/19 hp.
MASSIVE DAMAGE!!
* * * LOW HITPOINT WARNING * * *
You feel very sick.
You take 4 damage, and have 2/19 hp.
MASSIVE DAMAGE!!
Unknown command.
Okay, then.
Okay, then.
Okay, then.
Unknown command.
You die...

.# ##.# #.# #.# *,*
.# #..# #.# #+# *,*
.# #).# #.#
#####,***,*** (# #..#
#.# #...#+*,,,,,, .#
#..# #.#
#.###,,,*,**, .# #..#
*####.####(#
*****,,,, .# *,,*
*.......§§.# ***** .#
*,,****.###.§##..#
***** .#
*,,,,,,....@.§§§.#
*,,,, ##
*,*,,,,...#####§.#
*,***
###***,*,***.#.*
#.§#******,*
...,,*,,,,,,,.,*
#.....B,,,,***
###*,***,***,*,*
#..####,,,,,,,
**,***,***,*,****#..#
*,******
*,,,,,,,,,,,,,,,,...#
*,*
*,,,,,,***,*******,,*
*,* *,,,****
*,*******,,* *,*


There were no monsters in sight!

Vanquished Creatures
  2 endoplasms (D:1)
  A giant cockroach (D:1)
  4 goblins (D:1)
  2 ball pythons (D:1)
  2 rats (D:1)
11 creatures vanquished.

Notes
Turn   | Place    | Note
-------+----------+-------------------------------------------
     0 | D:1      | Ambrosia the Kobold Fighter began the quest for the Orb.
     0 | D:1      | Reached XP level 1. HP: 14/14 MP: 1/1
   209 | D:1      | Reached XP level 2. HP: 19/19 MP: 2/2
   489 | D:1      | HP: 6/19 [poisoned by you (poison gas)]
   490 | D:1      | HP: 2/19 [poisoned by you (poison gas)]
   491 | D:1      | Ambrosia: i'm sowry
   491 | D:1      | elongatedgoose: serioulsy what was i doing wrong?
   491 | D:1      | elongatedgoose: idgaf
   491 | D:1      | Ambrosia: e x c u s e me ?
   491 | D:1      | Succumbed to their own poison gas

Illustrated notes

Levels and vault maps discovered:
D:1:      minmay_arrival_doors, layout_loops_ring

Action                     || total
---------------------------++-------
  Melee: Rapier            ||    25
    Use: Scroll            ||     5
 Armour: Scale mail        ||    12
  Dodge: Dodged            ||    11
  Block: Buckler           ||     4

Table legend: (Time is in decaauts)
 A = Elapsed time spent in this place.
 B = Non-inter-level travel time spent in this place.
 C = Inter-level travel time spent in this place.
 D = Time resting spent in this place.
 E = Time spent auto-exploring this place.
 F = Levels seen in this place.
 G = Mean time per level.
                   A        B        C        D        E       F      G
               +--------+--------+--------+--------+--------+-----+--------+
         Total |    493 |    493 |      0 |      0 |    418 |   1 |  493.0 |
       Dungeon |    493 |    493 |      0 |      0 |    418 |   1 |  493.0 |
               +--------+--------+--------+--------+--------+-----+--------+

Top non-repeatable levels by time:
     D:1: 493 daAuts

Levels and vault maps discovered:
D:1:      minmay_arrival_doors, layout_loops_ring

Table legend: (Time is in decaauts)
 A = Elapsed time spent in this place.
 B = Non-inter-level travel time spent in this place.
 C = Inter-level travel time spent in this place.
 D = Time resting spent in this place.
 E = Time spent auto-exploring this place.
 F = Levels seen in this place.
 G = Mean time per level.
                   A        B        C        D        E       F      G
               +--------+--------+--------+--------+--------+-----+--------+
         Total |    493 |    493 |      0 |      0 |    418 |   1 |  493.0 |
       Dungeon |    493 |    493 |      0 |      0 |    418 |   1 |  493.0 |
               +--------+--------+--------+--------+--------+-----+--------+

Top non-repeatable levels by time:
     D:1: 493 daAuts

Table legend:
 A = Kills in this place as a percentage of kills in the entire game.
 B = Kills by you in this place as a percentage of kills by you in the entire game.
 C = Kills by friends in this place as a percentage of kills by friends in the entire game.
 D = Other kills in this place as a percentage of other kills in the entire game.
 E = Experience gained in this place as a percentage of experience gained in the entire game.
 F = Experience gained in this place divided by the number of levels of this place that you have seen.
                   A       B       C       D       E      F
               +-------+-------+-------+-------+-------+----------------------
         Total | 100.0 | 100.0 |   N/A |   N/A | 100.0 |  18.0
       Dungeon | 100.0 | 100.0 |   N/A |   N/A | 100.0 |  18.0
               +-------+-------+-------+-------+-------+----------------------
